 Dungeon Crawl Stone Soup version 0.29.1-12-g30fa7ad0bf (webtiles) character file.

Game seed: 637317909985086516

23 growler the Stinger (level 2, -4/22 HPs)
             Began as a Demonspawn Wanderer on Jan 9, 2023.
             Killed from afar by Sigmund (8 damage)
             ... with a puff of flame
             ... on level 2 of the Dungeon.
             The game lasted 00:03:00 (1776 turns).

growler the Stinger (Demonspawn Wanderer)           Turns: 1776, Time: 00:03:01

Health: -4/22      AC:  3    Str: 14    XL:     2   Next: 75%
Magic:  3/4        EV: 11    Int: 11    God:
Gold:   58         SH:  0    Dex: 12    Spells: 3/4 levels left

rFire   . . .      SeeInvis .   a - +1 short sword
rCold   . . .      Faith    .   (no shield)
rNeg    . . .      Spirit   .   c - +0 leather armour
rPois   .          Reflect  .   (no helmet)
rElec   .          Harm     .   (no cloak)
rCorr   .          Rampage  .   (no gloves)
Will    .....                   (no boots)
Stlth   +.........              (no amulet)
HPRegen 0.07/turn               (no ring)
MPRegen 0.09/turn               (no ring)

@: no status effects
A: condensation shield
a: no special abilities


You were on level 2 of the Dungeon.
You visited 1 branch of the dungeon, and saw 2 of its levels.

You collected 58 gold pieces.

Inventory:

Hand Weapons
 a - a +1 short sword (weapon)
Armour
 c - a +0 leather armour (worn)
Scrolls
 d - a scroll of poison {unknown}
 e - 2 scrolls of immolation {unknown}
 g - a scroll of teleportation {unknown}
 h - a scroll of fog {unknown}
Potions
 b - a potion of berserk rage
 f - a potion of degeneration {unknown}
 i - a potion of curing {unknown}


   Skills:
 - Level 2.0 Fighting
 - Level 2.6 Short Blades
 - Level 1.0 Throwing
 + Level 1.9 Spellcasting
 + Level 2.7 Poison Magic
 - Level 1.2 Invocations


You had 3 spell levels left.
You knew the following spells:

 Your Spells              Type           Power      Damage    Failure   Level
a - Sting                 Tmut/Pois      16%        1d3       22%         1

Your spell library contained the following spells:

 Spells                   Type           Power      Damage    Failure   Level
 Sandblast                Erth           2%         2d4       36%         1
 Passwall                 Tmut/Erth      0%         N/A       50%         2
 Ignite Poison            Fire/Tmut/Pois 3%         N/A       61%         3
 Stone Arrow              Conj/Erth      2%         3d7       75%         3
 Corpse Rot               Necr/Pois/Air  3%         N/A       95%         4


Dungeon Overview and Level Annotations

Branches:
Dungeon (2/15)

Altars:

Annotations:
D:2 Sigmund


Innate Abilities, Weirdness & Mutations

A meltable shield of frost defends you. (SH +0)


Message History

You hit the worm.
The worm is moderately wounded.
You hit the worm.
The worm is moderately wounded.
The worm bites you!
You barely miss the worm.
The worm is heavily wounded.
You hit the worm.
The worm is almost dead.
The worm bites you.
You hit the worm.
You kill the worm!
You hit the kobold.
You kill the kobold!
Things that are here:
a +0 short sword; 3 stones Sigmund is nearby!
Sigmund shouts!
Sigmund says, "Your kind have come here before.
I understand now why.
You desire death..."
Your magical contamination has completely faded away.
Sigmund points at you and mumbles some strange words.
The magic dart hits you.
Found 7 gold pieces.
You now have 58 gold pieces (gained 7).
A goblin and a ball python come into view.
The ball python hisses angrily.
You hit the ball python.
You kill the ball python!
An endoplasm comes into view.
The endoplasm quivers.
Sigmund drinks a potion.
Sigmund flickers and vanishes!
Deactivating autopickup; reactivate with Ctrl-A.
The goblin hits you with a +0 club. The goblin hits you but does no damage.
The goblin hits you with a +0 club.
* * * LOW HITPOINT WARNING * * *
A puff of flame appears from out of thin air!
The puff of flame hits you!
Your condensation shield dissipates!
You die...

### #.. #.#
#.#####.##
#.........
########.@#
#...{...g.####.#
#.######..J....#
#.# #########
#.##### ##.....#
#......# .##
#......# ....
#@.....###...


You could see an endoplasm and a goblin.

Vanquished Creatures
  2 worms
  4 endoplasms
  A giant cockroach (D:1)
  2 goblins (D:1)
  3 ball pythons
  2 bats (D:1)
  A frilled lizard (D:2)
  2 kobolds
  A rat (D:1)
18 creatures vanquished.

Vanquished Creatures (others)
  A fungus (D:1)
1 creature vanquished.

Grand Total: 19 creatures vanquished

Notes
Turn   | Place    | Note
-------+----------+-------------------------------------------
     0 | D:1      | growler the Demonspawn Wanderer began the quest for the
                  | Orb.
     0 | D:1      | growler set off with the following items: a +1 short sword,
                  | a potion of berserk rage, a +0 leather armour; and the
                  | following spell memorised: Sting; and the following spells
                  | available to memorise: Ignite Poison, Corpse Rot.
     0 | D:1      | Reached XP level 1. HP: 16/16 MP: 2/2
   455 | D:1      | Gained mutation: A meltable shield of frost defends you.
                  | (SH +0) [demonic ancestry]
   455 | D:1      | Reached XP level 2. HP: 22/22 MP: 2/4
  1131 | D:1      | Found a faded altar of an unknown god.
  1159 | D:2      | Noticed Sigmund
  1776 | D:2      | Killed from afar by Sigmund

Illustrated notes

Levels and vault maps discovered:
D:1:      dpeg_chamrin_arrival_tetris, layout_basic,
          shapermc_ecumenical_altar_mp_urbaneastern
D:2:      layout_loops_cross, uniq_sigmund

Action                   || total
-------------------------++-------
Melee: Short sword       ||    74
       Punch             ||     1
 Cast: Sting             ||     7
 Stab: Sleeping          ||     1
Armor: Leather armour    ||    21
Dodge: Dodged            ||    35
Block: Other             ||     9
